 Dungeon Crawl Stone Soup version 0.30.0-20-g3615ddf2f0 (webtiles) character file.

Game seed: 4649752035328019961

450 qw the Trooper (level 7, 0/44 HPs)
             Began as a Gargoyle Fighter on May 27, 2023.
             Slain by a lemure (1 damage)
             ... led by Pikel
             ... on level 4 of the Dungeon.
             The game lasted 00:01:43 (3163 turns).

qw the Trooper (Gargoyle Fighter)                   Turns: 3163, Time: 00:01:43

Health: 0/44       AC: 16    Str: 21    XL:     7   Next: 4%
Magic:  7/7        EV:  7    Int:  9    God:
Gold:   136        SH:  4    Dex:  9    Spells: 6/6 levels left

rFire   . . .        Y - +1 war axe
rCold   . . .        c - +0 buckler
rNeg    + . .        e - +0 chain mail
rPois   inf          (no helmet)
rElec   +            (no cloak)
rCorr   .            k - +0 pair of gloves
SInv    .            l - +0 pair of boots
Will    .....        m - amulet of the acrobat Stlth
                     (no ring)
HPRegen 0.27/turn    (no ring)
MPRegen 0.10/turn

%: acrobat
@: no status effects
A: sickness immunity, AC +4, negative energy resistance 1, electricity
resistance, torment resistance 1, petrification resistance
a: no special abilities


You were on level 4 of the Dungeon.
You visited 1 branch of the dungeon, and saw 4 of its levels.

You collected 172 gold pieces.
You spent 36 gold pieces at shops.


Innate Abilities, Weirdness & Mutations

You are immune to sickness and miasma.
Your stone body is resilient. (AC +4)
You are immune to poison.
You resist negative energy. (rN+)
You are resistant to electric shocks. (rElec)
You are resistant to unholy torment.
You are immune to petrification.


   Skills:
 - Level 5.5 Fighting
 + Level 5.5 Axes
 - Level 3.2 Armour
 - Level 3.2 Shields


You had 6 spell levels left.
You didn't know any spells.
Your spell library was empty.

Inventory:

Hand Weapons
 i - a +0 flail
 Y - a +1 war axe (weapon)
Armour
 c - a +0 buckler (worn)
 e - a +0 chain mail (worn)
 k - a +0 pair of gloves (worn)
 l - a +0 pair of boots (worn)
Jewellery
 m - an amulet of the acrobat (around neck)
Scrolls
 a - 8 scrolls of identify
Potions
 d - 2 potions of might
 f - a potion of curing
 h - a potion of haste

Dungeon Overview and Level Annotations

Branches:
Dungeon (4/15)
 Temple: D:4-7

Altars:
Fedhas
Gozag

Shops:
D:3 !

Annotations:
D:4 Pikel, Robin


Message History

The lemure is severely wounded.
You hit the lemure but do no damage. You closely miss the goblin.
The goblin hits you but does no damage.
You hit Pikel.
Pikel is lightly wounded.
You slash the goblin!
You kill the goblin!
You hit the lemure. You block the lemure's attack.
The lemure hits you but does no damage. Pikel hits you but does no damage.
The lemure hits you but does no damage.
You hit the lemure.
The lemure is almost dead.
You hit the lemure but do no damage. You closely miss Pikel.
Pikel hits you with a +2 whip of flaming!
Pikel burns you.
The lemure hits you but does no damage. x2
You closely miss the lemure.
The lemure is almost dead.
You closely miss Pikel. You closely miss the lemure. The lemure hits you. x2
Pikel says, "You'll make a fine lemure."
Pikel closely misses you.
The goblin unwields a +0 dagger.
The goblin wields a +0 sling.
The goblin shoots a sling bullet.
The sling bullet barely misses you.
You completely miss the lemure.
The lemure is almost dead.
You slash Pikel! You hit the lemure but do no damage.
Pikel hits you with a +2 whip of flaming.
Pikel burns you. The lemure hits you. The lemure hits you but does no damage.
The goblin shoots a sling bullet.
You block the sling bullet.
You closely miss the lemure.
The lemure is almost dead.
You barely miss the lemure. You slash Pikel!
The goblin no longer looks unusually strong.
The hobgoblin no longer looks unusually strong. x2
Pikel hits you but does no damage. You block the lemure's attack.
The lemure hits you but does no damage.
The goblin shoots a sling bullet.
The sling bullet hits you.
Pikel hits you with a +2 whip of flaming.
Pikel burns you. The lemure hits you. x2
You die...

#......#..###.[...#..#...
##.....#..# #.......##...
##....#..# #.......##...
###.)..<# ###..........
#.....###.#...........
##....#.........#....#
##.......##....##...##
##...)))...#..#.#.#..##
#.....@5#..# ........
##....K5# .... ....>.#.
#...g##g# ##. ....# #.
#..J## 5# .... #.. #....
5g #.. ##...


gg< .... ### ... ..... .... ...## ... You could see Pikel, 4 lemures, Robin, an
endoplasm, a hobgoblin and 3 goblins.

Vanquished Creatures
  Grinder (D:4)
  A bullfrog (D:4)
  4 gnolls
  7 adders
  A worm (D:2)
  A dart slug (D:2)
  5 orcs (D:3)
  7 endoplasms
  4 giant cockroaches
  12 goblins
  5 hobgoblins
  3 jackals (D:3)
  2 quokkas
  5 ball pythons
  5 bats
  9 kobolds
  9 rats
81 creatures vanquished.

Notes
Turn   | Place    | Note
-------+----------+-------------------------------------------
     0 | D:1      | qw the Gargoyle Fighter began the quest for the Orb.
     0 | D:1      | Reached XP level 1. HP: 14/14 MP: 1/1
     0 | D:1      | 0 ||| qw: Version: 0.2-a-99-gce666ed
     0 | D:1      | 0 ||| qw: Game counter: 113
     0 | D:1      | 0 ||| qw: Always use a shield: true
     0 | D:1      | 0 ||| qw: God list: Okawaru
     0 | D:1      | 0 ||| qw: Allow faded altars: false
     0 | D:1      | 0 ||| qw: Do Orc after D:15 true
     0 | D:1      | 0 ||| qw: Do second Lair branch before Depths: true
     0 | D:1      | 0 ||| qw: Lair rune preference: random
     0 | D:1      | 0 ||| qw: Plans: Normal, Zot:1-4, God:TSO, Crypt, Tomb,
                  | Pan, Slime:5, Hells, Abyss, Win
     0 | D:1      | 0 ||| PLANNING D:1-11
    46 | D:1      | Found a faded altar of an unknown god.
   135 | D:1      | Reached XP level 2. HP: 19/19 MP: 2/2
   143 | D:1      | 143 ||| DROPPING +0 club.
   328 | D:1      | 328 ||| Stepping ~*~*~tactically~*~*~ (stealth).
   332 | D:1      | Reached skill level 3 in Axes
   473 | D:1      | Reached XP level 3. HP: 23/23 MP: 3/3
   897 | D:1      | 897 ||| UPGRADING to amulet of the acrobat.
   902 | D:1      | 902 ||| DROPPING ring of magical power.
   903 | D:1      | 903 ||| READING 7 scrolls labelled ECEV WOZON XIM.
   904 | D:1      | 904 ||| READING scroll labelled BARILOUSAO.
   905 | D:1      | 905 ||| READING scroll labelled OFRIATHR ASMALIFAE.
   906 | D:1      | 906 ||| READING scroll labelled YTSIPPI MIGA.
   907 | D:1      | 907 ||| DRINKING 2 black potions.
   908 | D:1      | 908 ||| READING 6 scrolls of identify.
   908 | D:1      | 908 ||| IDENTIFYING ruby potion
   909 | D:1      | 909 ||| READING 5 scrolls of identify.
   909 | D:1      | 909 ||| IDENTIFYING fizzy cyan potion
   910 | D:1      | 910 ||| DROPPING potion of invisibility.
   911 | D:1      | 911 ||| DROPPING potion of brilliance.
  1024 | D:2      | 1024 ||| Stepping ~*~*~tactically~*~*~ (stealth).
  1182 | D:2      | 1182 ||| Stepping ~*~*~tactically~*~*~ (stealth).
  1390 | D:2      | Reached XP level 4. HP: 28/28 MP: 4/4
  1470 | D:2      | 1470 ||| Stepping ~*~*~tactically~*~*~ (hiding).
  1952 | D:2      | 1952 ||| UPGRADING to +0 chain mail.
  1962 | D:2      | 1962 ||| DROPPING +0 scale mail.
  1963 | D:2      | 1963 ||| UPGRADING to +0 pair of gloves.
  1968 | D:2      | 1968 ||| UPGRADING to +0 pair of boots.
  1973 | D:2      | 1973 ||| READING scroll labelled PELOEN DIATE.
  1974 | D:2      | 1974 ||| READING scroll labelled YMEMEN MAISUWU.
  1975 | D:2      | 1975 ||| READING 6 scrolls of identify.
  1975 | D:2      | 1975 ||| IDENTIFYING bubbling red potion
  2026 | D:3      | Found Amestruj's Distillery.
  2048 | D:3      | 2048 ||| BUYING potion of curing (36 gold).
  2048 | D:3      | Bought a potion of curing for 36 gold pieces
  2086 | D:3      | 2086 ||| Stepping ~*~*~tactically~*~*~ (stealth).
  2087 | D:3      | 2087 ||| Stepping ~*~*~tactically~*~*~ (stealth).
  2092 | D:3      | 2092 ||| Stepping ~*~*~tactically~*~*~ (stealth).
  2093 | D:3      | 2093 ||| Stepping ~*~*~tactically~*~*~ (stealth).
  2107 | D:3      | Reached XP level 5. HP: 32/32 MP: 5/5
  2110 | D:3      | 2110 ||| FLEEEEING.
  2170 | D:3      | 2170 ||| Stepping ~*~*~tactically~*~*~ (hiding).
  2173 | D:3      | 2173 ||| Stepping ~*~*~tactically~*~*~ (hiding).
  2174 | D:3      | 2174 ||| Stepping ~*~*~tactically~*~*~ (hiding).
  2175 | D:3      | 2175 ||| Stepping ~*~*~tactically~*~*~ (hiding).
  2176 | D:3      | 2176 ||| Stepping ~*~*~tactically~*~*~ (hiding).
  2177 | D:3      | 2177 ||| Stepping ~*~*~tactically~*~*~ (hiding).
  2178 | D:3      | 2178 ||| Stepping ~*~*~tactically~*~*~ (hiding).
  2187 | D:3      | 2187 ||| FLEEEEING.
  2188 | D:3      | 2188 ||| FLEEEEING.
  2189 | D:3      | 2189 ||| FLEEEEING.
  2298 | D:3      | 2298 ||| Stepping ~*~*~tactically~*~*~ (stealth).
  2457 | D:3      | Found a blossoming altar of Fedhas.
  2823 | D:3      | 2823 ||| READING scroll labelled BUDWIHUG CONAPEH.
  2954 | D:4      | Noticed Grinder
  2955 | D:4      | 2955 ||| Stepping ~*~*~tactically~*~*~ (hiding).
  2965 | D:4      | HP: 8/32 [Grinder (8)]
  2966 | D:4      | 2966 ||| DRINKING potion of heal wounds.
  2971 | D:4      | Killed Grinder
  2972 | D:4      | Reached XP level 6. HP: 25/40 MP: 6/6
  3049 | D:4      | Found an opulent altar of Gozag.
  3109 | D:4      | Reached XP level 7. HP: 42/44 MP: 7/7
  3149 | D:4      | Noticed Pikel
  3150 | D:4      | Noticed Robin
  3163 | D:4      | HP: 7/44 [Pikel/+2 whip of flaming (6)]
  3163 | D:4      | HP: 1/44 [lemure[Pikel] (3)]
  3163 | D:4      | Slain by a lemure

Levels and vault maps discovered:
D:1:      spicycebolla_green_bress_n_ham_2, layout_loops_corners,
          basic_ecumenical_altar
D:2:      layout_basic
D:3:      layout_basic, fedhas_altar_fruit_tree, serial_shops,
          nicolae_shop_industrial_runoff
D:4:      layout_cave_pools, nicolae_gozag_cash_rules_everything_around_me,
          kennysheep_cross_room, kennysheep_generic_room_9, uniq_pikel,
          uniq_robin, uniq_grinder

Skill      XL: |  1  2  3  4  5 |
---------------+----------------+-----
Axes           | 2 3 4 5 |  5.5
Fighting       | 5 |  5.5
Armour         | |  3.2
Shields        | |  3.2

Action                     |  1- 3 |  4- 6 |  7- 9 || total
---------------------------+-------+-------+-------++-------
  Melee: War axe           |    96 |   135 |    24 ||   255
    Use: Scroll            |     6 |     4 |       ||    10
         Potion            |     1 |     1 |       ||     2
 Armour: Scale mail        |    31 |    32 |       ||    63
         Chain mail        |       |    58 |    25 ||    83
  Dodge: Dodged            |    32 |    55 |     7 ||    94
  Block: Buckler           |    18 |    20 |     8 ||    46

Table legend:
 A = Non-vault XP
 B = Vault XP
 C = Vault XP percentage of total XP
 D = Non-vault monster count
 E = Vault monster count
 F = Vault count percentage of total count
                 A         B        C        D         E       F
            +---------+---------+-------+---------+---------+-------
      Total |     362 |     282 |  43.8 |      75 |       6 |   7.4
            +---------+---------+-------+---------+---------+-------
        D:1 |      47 |       0 |   0.0 |      23 |       0 |   0.0
        D:2 |     102 |       0 |   0.0 |      24 |       0 |   0.0
        D:3 |     112 |       0 |   0.0 |      25 |       0 |   0.0
        D:4 |     101 |     282 |  73.6 |       3 |       6 |  66.7
            +---------+---------+-------+---------+---------+-------
